 Dungeon Crawl Stone Soup version 0.28.0 (webtiles) character file.

Game seed: 4292949015423413444

58 RighteousDevil the Cudgeller (level 3, 0/29 HPs)
             Began as a Demonspawn Fighter on Feb 8, 2022.
             Slain by an orc wizard (3 damage)
             ... on level 2 of the Dungeon.
             The game lasted 00:02:41 (1340 turns).

RighteousDevil the Cudgeller (Demonspawn Fighter)   Turns: 1340, Time: 00:02:41

Health: 0/29       AC:  6    Str: 18    XL:     3   Next: 75%
Magic:  3/3        EV:  9    Int:  9    God:
Gold:   42         SH:  4    Dex: 12    Spells: 2/2 levels left

rFire   . . .      SeeInvis .   a - +2 flail
rCold   . . .      Faith    .   c - +0 buckler
rNeg    . . .      Spirit   .   b - +0 scale mail
rPois   .          Reflect  .   (no helmet)
rElec   .          Harm     .   (no cloak)
rCorr   .          Rampage  .   (no gloves)
Will    .....                   (no boots)
Stlth   ..........              (no amulet)
HPRegen 0.09/turn               (no ring)
MPRegen 0.08/turn               (no ring)

@: mighty
A: hooves 1, powered by pain 1
a: no special abilities


You were on level 2 of the Dungeon.
You visited 1 branch of the dungeon, and saw 2 of its levels.

You collected 42 gold pieces.

Inventory:

Hand Weapons
 a - a +2 flail (weapon)
Armour
 b - a +0 scale mail (worn)
 c - a +0 buckler (worn)
Magical Staves
 e - a staff of fire
Jewellery
 f - a +6 ring of strength
Scrolls
 g - a scroll of identify
Potions
 i - a potion of magic


   Skills:
 - Level 3.0 Fighting
 * Level 3.3 Maces & Flails
 - Level 3.0 Armour
 - Level 3.0 Shields


You had 2 spell levels left.
You didn't know any spells.
Your spell library contained the following spells:

 Spells                   Type           Power      Damage    Failure   Level
 Slow                     Hex            0%         N/A       86%         1
 Confusing Touch          Hex            0%         N/A       99%         3
 Vampiric Draining        Necr           0%         2d6       99%         3


Dungeon Overview and Level Annotations

Branches:
Dungeon (2/15)

Altars:


Innate Abilities, Weirdness & Mutations

You have large cloven feet.
You sometimes gain a little power by taking damage.


Message History

The orc wizard is moderately wounded.
The orc wizard hits you but does no damage.
The orc wizard casts a spell at you. The magic dart hits you.
You hit the orc wizard. Your kick misses the orc wizard.
The orc wizard is moderately wounded.
The orc closely misses you.
You barely miss the orc. Your kick misses the orc.
The orc wizard casts a spell.
The orc wizard flickers and vanishes!
Deactivating autopickup; reactivate with Ctrl-A.
The orc closely misses you.
You bump into the rock wall.
You feel less confused. The orc closely misses you. You block the orc's attack.
You hit the orc but do no damage. The orc barely misses you.
The orc closely misses you. The orc hits you with a +0 hand axe.
You sock the orc!
You kill the orc!
You thump the orc!
You kill the orc!
You hear some strange, mumbled words.
Something tries to affect you, but you resist.
You hear some strange, mumbled words.
A puff of flame appears from out of thin air!
The puff of flame hits you!
You hit something. The orc hits you with a +0 club.
You hear some strange, mumbled words.
A magic dart appears from out of thin air!
The magic dart hits you.
You closely miss something. Your kick misses something.
The orc hits you with a +0 club.
* * * LOW HITPOINT WARNING * * *
Something hits you.
* * * LOW HITPOINT WARNING * * *
The orc misses you.
Unknown command.
You feel very mighty all of a sudden. Something hits you.
You die...

#. #.........##.#
# #.##.#####.##.#
#. #.# #.##.######
..
[.#####.##......#
..
.........#######.#
. #########.# #.#
#.# #.# #.# #.#
#######@# #.#
......{o# #.#
........# #.#
#######.# #.# #.#
#.# #.# #.# ...
#.# #.. #.# #..#
#.#


You could see an orc.

Vanquished Creatures
  An adder (D:2)
  2 orcs (D:2)
  8 ball pythons
  4 bats (D:1)
  3 endoplasms (D:1)
  2 giant cockroaches
  5 hobgoblins
  4 jackals (D:1)
  A quokka (D:2)
  4 frilled lizards
  2 goblins (D:1)
  2 kobolds (D:1)
  6 rats
44 creatures vanquished.

Notes
Turn   | Place    | Note
-------+----------+-------------------------------------------
     0 | D:1      | RighteousDevil the Demonspawn Fighter began the quest for
                  | the Orb.
     0 | D:1      | Reached XP level 1. HP: 18/18 MP: 1/1
    81 | D:1      | Gained mutation: You have large cloven feet. [demonic
                  | ancestry]
    81 | D:1      | Reached XP level 2. HP: 8/24 MP: 2/2
   545 | D:1      | Gained mutation: You sometimes gain a little power by
                  | taking damage. [demonic ancestry]
   545 | D:1      | Reached XP level 3. HP: 21/29 MP: 3/3
  1340 | D:2      | Slain by an orc wizard

Illustrated notes

Levels and vault maps discovered:
D:1:      psy_arrival_terrarium, layout_rooms, kennysheep_minor_cross
D:2:      cheibrodos_old_hovel, layout_loops_ring,
          shapermc_ecumenical_altar_petra

Skill      XL: |  1  2  3 |
---------------+----------+-----
Maces & Flails | 2 3 |  3.3
Armour         | 3 |  3.0
Shields        | 3 |  3.0
Fighting       | |  3.0

Action                   || total
-------------------------++-------
Melee: Flail             ||    95
       Kick              ||     7
  Use: Scroll            ||     6
       Potion            ||     1
Armor: Scale mail        ||    54
Dodge: Dodged            ||    46
Block: Buckler           ||    26
